 Dungeon Crawl Stone Soup version 0.29.0-4-gdea44cf6ec (webtiles) character file.

Game seed: 3760511794548136942

47 qw the Ruffian (level 3, -3/28 HPs)
             Began as a Ghoul Fire Elementalist on Aug 29, 2022.
             Slain by a gnoll
             ... wielding a +0 spear
              (6 damage)
             ... on level 2 of the Dungeon.
             The game lasted 00:00:59 (1293 turns).

qw the Ruffian (Ghoul Fire Elementalist)            Turns: 1293, Time: 00:00:59

Health: -3/28      AC:  2    Str: 13    XL:     3   Next: 70%
Magic:  4/4        EV: 12    Int: 10    God:
Gold:   20         SH:  0    Dex:  9    Spells: 4/5 levels left

rFire   . . .      SeeInvis .     - Unarmed
rCold   + . .      Faith    .   (no shield)
rNeg    + + +      Spirit   .   a - +0 robe
rPois   inf        Reflect  .   (no helmet)
rElec   .          Harm     .   (no cloak)
rCorr   .          Rampage  .   (no gloves)
Will    .....                   (no boots)
Stlth   ++........              (no amulet)
HPRegen 0.00/turn               e - +4 ring of slaying {mikee}
MPRegen 0.09/turn               (no ring)

@: inhibited regen
A: claws 1, cold resistance 1, negative energy resistance 3, inhibited
regeneration, torment resistance 2, devour on kill
a: no special abilities


You were on level 2 of the Dungeon.
You visited 1 branch of the dungeon, and saw 2 of its levels.

You collected 20 gold pieces.


Innate Abilities, Weirdness & Mutations

You are immune to poison.
You have sharp fingernails.
Your flesh is cold resistant. (rC+)
You are immune to negative energy. (rN+++)
You do not regenerate when monsters are visible.
You are immune to unholy pain and torment.
You thrive by killing the living.


   Skills:
 - Level 1.2 Fighting
 - Level 1.7 Dodging
 - Level 2.1 Stealth
 + Level 3.2 Unarmed Combat
 - Level 1.7 Spellcasting
 - Level 0.7 Conjurations
 - Level 2.4 Fire Magic


You had 4 spell levels left.
You knew the following spells:

 Your Spells              Type           Power      Damage    Failure   Level
a - Foxfire               Conj/Fire      16%        2x1d4     17%         1

Your spell library contained the following spells:

 Spells                   Type           Power      Damage    Failure   Level
 Scorch                   Fire           10%        2d5       19%         2
 Conjure Flame            Conj/Fire      4%         6-21      45%         3
 Inner Flame              Hex/Fire       3%         N/A       52%         3
 Flame Wave               Conj/Fire      4%         2d5       86%         4

Inventory:

Armour
 a - a +0 robe (worn)
Jewellery
 d - a ring of ice
 e - a +4 ring of slaying (left claw) {mikee}
Scrolls
 Y - 3 scrolls of identify

Dungeon Overview and Level Annotations

Branches:
Dungeon (2/15)

Altars:


Message History

You closely miss the adder.
The adder is heavily wounded.
The adder bites you.
You claw the adder!
You kill the adder!
The gnoll hits the plant with a +0 club!
The plant begins to die.
A gnoll comes into view. It is wielding a +0 flail. x2
The gnoll shouts! x2
You claw the ball python!
You kill the ball python!
You feel better.
A dart slug comes into view.
The gnoll hits you with a +0 club.
The gnoll hits you from afar with a +0 spear.
You see here an adder corpse.
You claw the gnoll!
The gnoll is severely wounded.
The gnoll barely misses you.
The gnoll hits you from afar with a +0 spear.
You claw the gnoll!
You kill the gnoll!
You feel better.
A nearby plant withers and dies.
The gnoll hits you from afar with a +0 spear.
Your Unarmed Combat skill increases to level 3!
The gnoll hits you with a +0 flail. The gnoll hits you with a +0 spear.
You see here a +0 club.
You barely miss the gnoll. The gnoll hits you with a +0 spear.
You scratch the gnoll.
The gnoll is heavily wounded.
The gnoll misses you.
You barely miss the gnoll.
The gnoll is heavily wounded.
The gnoll hits you with a +0 spear. The gnoll closely misses you.
You scratch the gnoll.
The gnoll is heavily wounded.
The gnoll closely misses you. The gnoll hits you with a +0 spear.
You die...

###### #####
#####....###....
#...'....+...###
#.###....##..#
#.###....##..# #
#.##.........# # #.###
#.##.######.####
.....g###.##.#<.........
.....wg@%..........(.)..
...###g.PP##.#.#...<...#
..PP~~~~~.#....####.#
###~~7~~~~~P###......#
..P77777~P.^....#....
...~ 7~~P########'##


#.PPP 7 ~w# #)# ..P.~ .. ~.~ ~~~~g You could see a worm, 3 gnolls and a dart
slug.

Vanquished Creatures
  A gnoll (D:2)
  An adder (D:2)
  2 bats (D:1)
  3 endoplasms (D:1)
  6 goblins
  4 hobgoblins (D:1)
  A quokka (D:1)
  3 ball pythons
  2 frilled lizards (D:1)
  3 kobolds
  A rat (D:1)
27 creatures vanquished.

Vanquished Creatures (others)
  A plant (D:2)
1 creature vanquished.

Grand Total: 28 creatures vanquished

Notes
Turn   | Place    | Note
-------+----------+-------------------------------------------
     0 | D:1      | qw the Ghoul Fire Elementalist began the quest for the Orb.
     0 | D:1      | Reached XP level 1. HP: 14/14 MP: 2/2
     0 | D:1      | 0 ||| qw: Version: 0.1-a-90-g952f4b7
     0 | D:1      | 0 ||| qw: Game counter: 4084
     0 | D:1      | 0 ||| qw: Always use a shield: true
     0 | D:1      | 0 ||| qw: God list: Okawaru
     0 | D:1      | 0 ||| qw: Allow faded altars: false
     0 | D:1      | 0 ||| qw: Do Orc after D:15 true
     0 | D:1      | 0 ||| qw: Do second Lair branch before Depths: true
     0 | D:1      | 0 ||| qw: Lair rune preference: random
     0 | D:1      | 0 ||| qw: Plans: Normal
     0 | D:1      | 0 ||| PLANNING D:1-11
   192 | D:1      | Reached skill level 1 in Unarmed Combat
   241 | D:1      | Reached skill level 1 in Fighting
   241 | D:1      | Reached XP level 2. HP: 23/23 MP: 3/3
   245 | D:1      | 245 ||| Stepping ~*~*~tactically~*~*~ (stealth).
   246 | D:1      | 246 ||| Stepping ~*~*~tactically~*~*~ (stealth).
   256 | D:1      | 256 ||| Stepping ~*~*~tactically~*~*~ (outnumbered).
   257 | D:1      | 257 ||| Stepping ~*~*~tactically~*~*~ (outnumbered).
   258 | D:1      | 258 ||| Stepping ~*~*~tactically~*~*~ (outnumbered).
   269 | D:1      | HP: 5/23 [goblin/+0 dagger (3)]
   275 | D:1      | HP: 4/23 [frozen (1)]
   565 | D:1      | Found a faded altar of an unknown god.
   579 | D:1      | Reached skill level 2 in Unarmed Combat
  1116 | D:1      | Reached XP level 3. HP: 24/28 MP: 4/4
  1184 | D:1      | 1184 ||| UPGRADING to +4 ring of slaying {mikee}.
  1185 | D:1      | 1185 ||| READING 5 scrolls labelled HIYRIACROI.
  1186 | D:1      | 1186 ||| READING 4 scrolls of identify.
  1186 | D:1      | 1186 ||| IDENTIFYING glowing amethyst potion
  1187 | D:1      | 1187 ||| DROPPING potion of magic.
  1188 | D:1      | 1188 ||| DROPPING potion of invisibility.
  1280 | D:2      | 1280 ||| Stepping ~*~*~tactically~*~*~ (stealth).
  1289 | D:2      | Reached skill level 3 in Unarmed Combat
  1290 | D:2      | HP: 7/28 [gnoll/+0 spear (4)]
  1292 | D:2      | HP: 3/28 [gnoll/+0 spear (4)]
  1293 | D:2      | Slain by a gnoll

Levels and vault maps discovered:
D:1:      roderic_crossed_star, layout_basic, shapermc_ecumenical_altar_ellora
D:2:      layout_basic, basic_altar, serial_bayou_pond_c, minmay_goblin_outpost,
          uniq_jessica

Skill      XL: |  1  2  3 |
---------------+----------+-----
Unarmed Combat | 1 2 3 |  3.2
Fighting       | 1 |  1.2
Dodging        | |  1.7
Stealth        | |  2.1
Spellcasting   | |  1.7
Conjurations   | |  0.7
Fire Magic     | |  2.4

Action                   || total
-------------------------++-------
Melee: Unarmed           ||    90
  Use: Scroll            ||     2
Armor: Robe              ||    14
Dodge: Dodged            ||    58

Table legend:
 A = Non-vault XP
 B = Vault XP
 C = Vault XP percentage of total XP
 D = Non-vault monster count
 E = Vault monster count
 F = Vault count percentage of total count
                 A         B        C        D         E       F
            +---------+---------+-------+---------+---------+-------
      Total |      66 |       2 |   2.9 |      26 |       1 |   3.7
            +---------+---------+-------+---------+---------+-------
        D:1 |      35 |       0 |   0.0 |      22 |       0 |   0.0
        D:2 |      31 |       2 |   6.1 |       4 |       1 |  20.0
            +---------+---------+-------+---------+---------+-------
